 Dungeon Crawl Stone Soup version 0.21.1-35-gfefc1aa2bb (webtiles) character file.

51 Pisosu the Firebug (level 3, -2/24 HPs)
             Began as a Mummy Fire Elementalist on Aug 1, 2018.
             Slain by an adder (4 damage)
             ... on level 2 of the Dungeon.
             The game lasted 00:04:16 (2318 turns).

Pisosu the Firebug (Mummy Fire Elementalist)        Turns: 2318, Time: 00:04:17

Health: -2/24      AC:  3    Str: 11    XL:     3   Next: 58%
Magic:  1/7        EV: 12    Int: 15    God:
Gold:   60         SH:  0    Dex: 12    Spells: 7/8 levels left

rFire    . . .     SeeInvis .   j - +1 short sword
rCold    + . .     Gourm    .   (no shield)
rNeg     + + +     Faith    .   a - +1 robe
rPois    ∞         Spirit   .   (no helmet)
rElec    .         Reflect  .   (no cloak)
rCorr    .         Harm     .   (no gloves)
MR       .....                  (no boots)
Stlth    ++........             (no amulet)
HPRegen  0.08/turn              e - ring of protection from fire
MPRegen  0.10/turn              (no ring)

@: no status effects
A: no food or potions, fire vulnerability, cold resistance 1, negative energy
resistance 3, torment resistance, unbreathing
a: no special abilities


You were on level 2 of the Dungeon.
You were not hungry.

You visited 1 branch of the dungeon, and saw 3 of its levels.

You collected 60 gold pieces.

Inventory:

Hand Weapons
 c - a +0 club
 i - a +0 dagger
 j - a +1 short sword (weapon)
Armour
 a - a +1 robe (worn)
Jewellery
 e - a ring of protection from fire (left hand)
Scrolls
 d - a scroll of enchant weapon
 f - 5 scrolls of identify {unknown}
 g - 3 scrolls of remove curse {unknown}
 h - 2 scrolls of teleportation {unknown}
 k - a scroll of fear {unknown}
Books
 b - a book of Flames

   Spells                             Type                      Level
   a - Flame Tongue                   Conjuration/Fire             1
   b - Throw Flame                    Conjuration/Fire             2
   c - Conjure Flame                  Conjuration/Fire             3
   d - Inner Flame                    Hexes/Fire                   3
   e - Sticky Flame                   Conjuration/Fire             4
   f - Fireball                       Conjuration/Fire             5


   Skills:
 - Level 1.5 Dodging
 - Level 1.5 Stealth
 + Level 3.4 Spellcasting
 + Level 1.0 Conjurations
 + Level 3.4 Fire Magic


You had 7 spell levels left.
You knew the following spells:

 Your Spells              Type           Power        Failure   Level  Hunger
a - Flame Tongue          Conj/Fire      #....        8%          1    N/A

Dungeon Overview and Level Annotations

Branches:
Dungeon (3/15)

Altars:


Innate Abilities, Weirdness & Mutations

You do not eat or drink.
Your flesh is vulnerable to fire.
You are immune to poison.
Your flesh is cold resistant. (rC+)
You are immune to negative energy. (rN+++)
You are immune to unholy pain and torment.
You can survive without breathing.


Message History

The adder bites you.
* * * LOW HITPOINT WARNING * * *
There is a stone staircase leading up here.
The adder closely misses you.
You climb upwards.
Your magical contamination has completely faded away.
There is a stone staircase leading down here.
The adder bites you.
* * * LOW HITPOINT WARNING * * *
Casting: Flame Tongue
Confirm with . or Enter, or press ? or * to list all spells.
You don't have enough magic to cast that spell.
As you read the scroll labeled YRORYCK HIVUPO, it crumbles to dust.
It is a scroll of enchant armour.
Your +0 robe glows green for a moment.
The adder bites you but does no damage.
As you read the scroll labeled MIFOHAMYXT, it crumbles to dust.
It is a scroll of enchant weapon.
Your +0 short sword glows red for a moment.
The adder bites you.
You die...

#.# #.# #.# #.####
######## #..... #......#
#.#### #......# #.####
#..>...# #.#...
#@S....### #.####
########........####.####
#........................
###.#.####.##.####......#
#.#.# #.##.####......#
#.#.# #..............#
#.#.# #...............
#.#.# #.##.######.#.##
#.#.# #.##.###........


You could see an adder.

Vanquished Creatures
  Ijyb (D:3)
  An adder (D:2)
  A leopard gecko (D:2)
  2 bats (D:1)
  2 giant cockroaches (D:2)
  A hobgoblin (D:1)
  3 kobolds (D:1)
  A ball python (D:1)
  2 frilled lizards (D:2)
  4 rats
18 creatures vanquished.

Notes
Turn   | Place    | Note
-------+----------+-------------------------------------------
     0 | D:1      | Pisosu the Mummy Fire Elementalist began the quest for the Orb.
     0 | D:1      | Reached XP level 1. HP: 13/13 MP: 4/4
   859 | D:1      | Reached XP level 2. HP: 19/19 MP: 2/5
  2287 | D:3      | Noticed Ijyb
  2309 | D:3      | Killed Ijyb
  2309 | D:3      | Reached skill level 1 in Conjurations
  2309 | D:3      | Reached XP level 3. HP: 8/24 MP: 0/7
  2318 | D:2      | Slain by an adder

Skill      XL: |  1  2 |
---------------+-------+-----
Fire Magic     | 3 |  3.4
Spellcasting   | 3 |  3.4
Conjurations   | 1 |  1.0
Dodging        | |  1.5
Stealth        | |  1.5

Action                   || total
-------------------------++-------
Melee: Short sword       ||    12
 Cast: Flame Tongue      ||    32
  Use: Scroll            ||     2
Armor: Robe              ||     9
Dodge: Dodged            ||    12
